 Dungeon Crawl Stone Soup version 0.22.1-2-g9c5b331 (webtiles) character file.

1015 Gearfox the Covered (level 8, -3/71 HPs)
             Began as a Hill Orc Fighter on Dec 6, 2018.
             Was an Initiate of Makhleb.
             Killed by divine providence
             ... invoked by an orc priest
              (15 damage)
             ... on level 7 of the Dungeon.
             The game lasted 00:19:30 (7487 turns).

Gearfox the Covered (Hill Orc Fighter)              Turns: 7487, Time: 00:19:30

Health: -3/71      AC:  8    Str: 21    XL:     8   Next: 21%
Magic:  8/8        EV:  7    Int:  8    God:    Makhleb [......]
Gold:   243        SH: 10    Dex: 13    Spells: 7/7 levels left

rFire    . . .     SeeInvis .   a - +1 war axe
rCold    . . .     Gourm    .   c - +1 shield
rNeg     . . .     Faith    .   b - +0 scale mail
rPois    .         Spirit   .   u - +0 hat
rElec    .         Reflect  .   (no cloak)
rCorr    +         Harm     .   (no gloves)
MR       .....                  (no boots)
Stlth    ..........             (no amulet)
HPRegen  0.21/turn              g - ring of resist corrosion
MPRegen  0.11/turn              x - +3 ring of dexterity

@: no status effects
A: no striking features
a: Renounce Religion, Convert to Beogh


You were on level 7 of the Dungeon.
You worshipped Makhleb.
Makhleb was noncommittal.
You were completely stuffed.

You visited 2 branches of the dungeon, and saw 8 of its levels.

You collected 243 gold pieces.

Inventory:

Hand Weapons
 a - a +1 war axe (weapon)
 t - a +0 flail
Armour
 b - a +0 scale mail (worn)
 c - a +1 shield (worn)
 u - a +0 hat (worn)
Jewellery
 g - a ring of resist corrosion (left hand)
 x - a +3 ring of dexterity (right hand)
 y - an uncursed amulet of the gourmand
Wands
 p - a wand of iceblast (22)
 v - a wand of flame (33)
Scrolls
 j - a scroll of remove curse
 s - 2 scrolls of teleportation
Potions
 d - 3 potions of might
 e - a potion of ambrosia {unknown}
 h - 6 potions of curing
 i - 4 potions of resistance {unknown}
 k - a potion of heal wounds {unknown}
 l - a potion of flight {unknown}
 m - 3 potions of mutation {unknown}
 n - a potion of invisibility {unknown}
 o - a potion of degeneration {unknown}
 q - a potion of magic {unknown}
 r - a potion of haste {unknown}
Comestibles
 f - 7 rations


   Skills:
 * Level 6.7 Fighting
 - Level 7.0 Axes
 * Level 7.6 Armour
 - Level 3.2 Shields


You had 7 spell levels left.
You didn't know any spells.
Your spell library contained the following spells:

 Spells                   Type           Power        Failure   Level  Hunger
 Summon Small Mammal      Summ           #...         99%         1    ##.....
 Call Imp                 Summ           #.......     100%        2    ###....
 Call Canine Familiar     Summ           #.......     100%        3    ####...
 Summon Guardian Golem    Hex/Summ       #.......     100%        3    ####...
 Summon Ice Beast         Ice/Summ       #.......     100%        4    #####..
 Summon Lightning Spire   Summ/Air       #.......     100%        4    #####..


Dungeon Overview and Level Annotations

Branches:
Dungeon (7/15)             Temple (1/1) D:6

Altars:
Cheibriados
Dithmenos
Gozag
Hepliaklqana
Kikubaaqudgha
Makhleb
Qazlal
Sif Muna
Trog
Vehumet
Wu Jian
Xom
Yredelemnul
The Shining One

Shops:
D:4 :


Message History

You hit the hound zombie. The hound zombie bites you.
* * * LOW HITPOINT WARNING * * *
The orc priest barely misses you.
You hit the orc priest.
The orc priest is heavily wounded.
You hit the hound zombie.
You destroy the hound zombie!
Makhleb accepts your kill.
You feel sick.
The orc priest mumbles some strange prayers to Beogh against you.
Beogh smites you!
* * * LOW HITPOINT WARNING * * *
An orc priest is nearby!
You feel better. The orc priest closely misses you.
You closely miss the orc priest.
The orc priest is heavily wounded.
The orc priest closely misses you.
The orc priest calls down the wrath of Beogh upon you.
Beogh smites you!
You die...

#. #..
#...###########
....#..........
...............
...............
##....)o.......
.......@.......
##.....†.......
#.............
#........%....
#.............
............###
............#
.....$......#


You could see an orc priest.

Vanquished Creatures
  An ice beast (D:6)
  A bullfrog (D:6)
  A scorpion (D:5)
  A howler monkey (D:6)
  A centaur zombie (D:6)
  An orc priest (D:7)
  2 hounds
  7 orc wizards
  A bullfrog skeleton (D:6)
  Ijyb (D:5)
  3 worker ants
  A hound zombie (D:7)
  A hound skeleton (D:7)
  7 gnolls
  6 adders
  2 shadow imps (D:2)
  4 adder skeletons
  5 worms
  5 dart slugs
  4 leopard geckos
  15 orcs
  11 bats
  6 giant cockroaches
  8 goblins
  13 hobgoblins
  2 jackals (D:1)
  7 quokkas
  4 ball pythons
  5 frilled lizards
  9 kobolds
  A leopard gecko skeleton (D:6)
  7 rats
143 creatures vanquished.

Notes
Turn   | Place    | Note
-------+----------+-------------------------------------------
     0 | D:1      | Gearfox the Hill Orc Fighter began the quest for the Orb.
     0 | D:1      | Reached XP level 1. HP: 19/19 MP: 1/1
   163 | D:1      | Reached XP level 2. HP: 24/26 MP: 2/2
   692 | D:1      | Reached XP level 3. HP: 26/31 MP: 3/3
  1247 | D:2      | Found a glowing golden altar of the Shining One.
  1254 | D:2      | Reached skill level 5 in Axes
  1293 | D:2      | Reached XP level 4. HP: 20/39 MP: 4/4
  1465 | D:2      | Found a faded altar of an unknown god.
  1601 | D:2      | Found a bloodstained altar of Trog.
  1648 | D:2      | Found a radiant altar of Vehumet.
  2605 | D:3      | Reached XP level 5. HP: 45/45 MP: 5/5
  2834 | D:3      | Found a snail-covered altar of Cheibriados.
  3690 | D:4      | Reached XP level 6. HP: 42/52 MP: 6/6
  3877 | D:4      | Found Ulejejokk's Book Emporium.
  4356 | D:4      | Found a basalt altar of Yredelemnul.
  4974 | D:5      | Entered Level 5 of the Dungeon
  5136 | D:5      | Found a hazy altar of Hepliaklqana.
  5220 | D:5      | Reached skill level 5 in Armour
  5623 | D:5      | Noticed Ijyb
  5641 | D:5      | Reached skill level 5 in Fighting
  5641 | D:5      | Reached XP level 7. HP: 45/61 MP: 7/7
  5646 | D:5      | Killed Ijyb
  6287 | D:6      | Found a deep blue altar of Sif Muna.
  6568 | D:6      | Found a staircase to the Ecumenical Temple.
  6585 | Temple   | Entered the Ecumenical Temple
  6607 | Temple   | Became a worshipper of Makhleb the Destroyer
  6866 | D:6      | Reached XP level 8. HP: 8/71 MP: 8/8
  6868 | D:6      | HP: 2/71 [orc (4)]
  7487 | D:7      | Killed from afar by an orc priest

Skill      XL: |  1  2  3  4  5  6  7 |
---------------+----------------------+-----
Axes           | 3 4 5 6 7 |  7.0
Fighting       | 4 5 6 |  6.7
Armour         | 4 5 7 |  7.6
Shields        | |  3.2

Action                   |  1- 3 |  4- 6 |  7- 9 || total
-------------------------+-------+-------+-------++-------
Melee: War axe           |   106 |   281 |   118 ||   505
  Use: Scroll            |     3 |     8 |     1 ||    12
       Potion            |       |       |     1 ||     1
  Eat: Chunk             |     1 |    13 |    16 ||    30
       Ration            |       |       |     1 ||     1
Armor: Scale mail        |    46 |   108 |    53 ||   207
Dodge: Dodged            |    38 |   101 |    42 ||   181
Block: Shield            |    57 |   180 |    71 ||   308
